 Dungeon Crawl Stone Soup version 0.29.1-2-gbd0b4ee654 (webtiles) character file.

Game seed: 13484636685317081952

1827 qeuew the Spear-Bearer (level 9, -4/71 HPs)
             Began as a Merfolk Gladiator on Nov 15, 2022.
             Was a Believer of Okawaru.
             Killed from afar by Maggie (10 damage)
             ... with a puff of flame
             ... on level 6 of the Dungeon.
             The game lasted 00:07:18 (6892 turns).

qeuew the Spear-Bearer (Merfolk Gladiator)          Turns: 6892, Time: 00:07:19

Health: -4/71      AC: 10    Str: 16    XL:     9   Next: 11%
Magic:  8/9        EV: 15    Int:  7    God:    Okawaru [**....]
Gold:   323        SH:  0    Dex: 18    Spells: 8/8 levels left

rFire   . . .      SeeInvis .   a - +0 trident
rCold   . . .      Faith    .   (no shield)
rNeg    + . .      Spirit   .   p - +0 ring mail
rPois   .          Reflect  .   c - +0 helmet
rElec   .          Harm     .   (no cloak)
rCorr   .          Rampage  .   q - +2 pair of gloves {hurl}
Will    +....                   (no boots)
Stlth   +.........              (no amulet)
HPRegen 0.21/turn               f - ring of positive energy
MPRegen 0.11/turn               l - ring of willpower

@: studying Long Blades
A: (nimble swimmer 2), mertail
a: Renounce Religion, Heroism


You were on level 6 of the Dungeon.
You worshipped Okawaru.
Okawaru was pleased with you.
You visited 1 branch of the dungeon, and saw 6 of its levels.

You collected 323 gold pieces.

Inventory:

Hand Weapons
 a - a +0 trident (weapon)
Missiles
 d - a throwing net (quivered)
 e - a javelin
Armour
 c - a +0 helmet (worn)
 p - a +0 ring mail (worn)
 q - a +2 pair of gloves of hurling (worn)
Jewellery
 f - a ring of positive energy (left hand)
 l - a ring of willpower (right hand)
Wands
 i - a wand of mindburst (5)
Scrolls
 b - a scroll of vulnerability {unknown}
 g - a scroll of teleportation
 k - 2 scrolls of fog
 m - a scroll of magic mapping
 n - 5 scrolls of identify
 o - 3 scrolls of enchant weapon
Potions
 h - a potion of invisibility
 j - a potion of haste
 r - a potion of heal wounds


   Skills:
 + Level 6.5 Fighting
 + Level 8.4 Polearms
 + Level 5.9 Throwing
 + Level 4.0 Armour
 + Level 8.3 Dodging
 + Level 1.2 Invocations
 + Level 3.2 Evocations


You had 8 spell levels left.
You didn't know any spells.
Your spell library contained the following spells:

 Spells                   Type           Power      Damage    Failure   Level
 Static Discharge         Conj/Air       0%         3-3/arc   77%         2
 Sublimation of Blood     Necr           0%         N/A       77%         2
 Wereblood                Tmut           0%         N/A       77%         2
 Portal Projectile        Hex/Tloc       0%         N/A       94%         3
 Leda's Liquefaction      Hex/Erth       0%         N/A       100%        4
 Lightning Bolt           Conj/Air       0%         1d11      100%        5
 Maxwell's Capacitive Co  Air            0%         ∞         100%        8
 Call Canine Familiar     Summ           Unusable   N/A       N/A         3
 Summon Hydra             Summ           Unusable   N/A       N/A         7

Dungeon Overview and Level Annotations

Branches:
Dungeon (6/15)
 Temple: D:4-7

Altars:
Cheibriados
Kikubaaqudgha
Okawaru
Trog
Zin

Shops:
D:1 (

Annotations:
D:4 2 runed translucent doors
D:6 Maggie


Innate Abilities, Weirdness & Mutations

((You are very nimble when in or above water. (Stealth+, EV+, Speed+++)))
Your lower body shifts to a powerful aquatic tail in water.


Message History

The scorpion is severely wounded.
Maggie gestures wildly while chanting.
Maggie attempts to bespell you! You resist with almost no effort.
You puncture the scorpion!
You kill the scorpion!
Okawaru accepts your kill.
Maggie says, "How do the people who live here stand the isolation?"
Maggie zaps a wand.
The puff of flame hits you but does no damage.
There is a stone staircase leading down here.
You hit Maggie.
Maggie is lightly wounded.
Maggie zaps a wand.
The puff of flame hits you.
You puncture Maggie!
Maggie is lightly wounded.
Maggie zaps a wand.
The puff of flame misses you.
You hit Maggie.
Maggie is moderately wounded.
You barely miss Maggie.
Maggie is moderately wounded.
Maggie misses you.
You closely miss Maggie.
Maggie is moderately wounded.
You barely miss Maggie. Your punch misses Maggie.
Maggie is moderately wounded.
You feel like a meek peon again. Maggie casts a spell at you.
The bolt of fire hits you!!
* * * LOW HITPOINT WARNING * * *
You hit Maggie but do no damage.
Maggie is moderately wounded.
Maggie misses you.
You barely miss Maggie.
Maggie is moderately wounded.
Maggie hits you with a +0 broad axe.
* * * LOW HITPOINT WARNING * * *
You puncture Maggie!
Maggie is heavily wounded.
Maggie zaps a wand.
The puff of flame hits you!
You die...

##.......# .
........#.#
#>....?..#
#.....=.# #.#
#.......###
####.##
##.###.).......
......#
#............#
#.##..#
##.###@###.#.#
#.##..# #@#
#.##..# #.#
.#.####.##..# #.#
............. #.#
#######.##... #.#
#.##...
#.##########.##..#
#............##..#
###############..#
#..#


You could see Maggie.

Vanquished Creatures
  A wyvern (D:5)
  Edmund (D:4)
  3 sky beasts
  2 ogres
  A centaur (D:4)
  A phantom (D:4)
  Blork the orc (D:4)
  6 scorpions
  A necrophage (D:4)
  A wight (D:4)
  A jelly (D:5)
  2 hounds
  Crazy Yiuf (D:4)
  An orc priest (D:4)
  An orc wizard (D:3)
  3 iguanas
  4 adders
  4 shadow imps
  4 worms
  5 orcs
  7 endoplasms
  4 giant cockroaches
  6 goblins
  13 hobgoblins
  3 jackals (D:5)
  4 quokkas
  5 ball pythons
  2 bats (D:2)
  5 frilled lizards (D:2)
  8 kobolds
  A rat (D:3)
102 creatures vanquished.

Notes
Turn   | Place    | Note
-------+----------+-------------------------------------------
     0 | D:1      | qeuew the Merfolk Gladiator began the quest for the Orb.
     0 | D:1      | Reached XP level 1. HP: 16/16 MP: 1/1
   211 | D:1      | Reached XP level 2. HP: 19/23 MP: 2/2
   350 | D:1      | Found Orifiof's Weapon Emporium.
   568 | D:1      | Reached skill level 5 in Fighting
   568 | D:1      | Reached XP level 3. HP: 33/33 MP: 3/3
  1061 | D:2      | Reached XP level 4. HP: 39/39 MP: 4/4
  1907 | D:3      | Found a faded altar of an unknown god.
  2210 | D:3      | Reached XP level 5. HP: 44/44 MP: 5/5
  2631 | D:4      | Noticed Blork the orc
  2632 | D:4      | Found a large runed translucent door.
  2632 | D:4      | Found a large runed translucent door.
  2641 | D:4      | Killed Blork the orc
  2926 | D:4      | Found an iron altar of Okawaru.
  2948 | D:4      | Became a worshipper of Warmaster Okawaru
  3033 | D:4      | Found a large runed translucent door.
  3042 | D:4      | Reached XP level 6. HP: 51/51 MP: 6/6
  3048 | D:4      | Found a glowing silver altar of Zin.
  3049 | D:4      | Found an ancient bone altar of Kikubaaqudgha.
  3176 | D:4      | Noticed Edmund
  3197 | D:4      | Killed Edmund
  3198 | D:4      | Reached skill level 1 in Evocations
  3537 | D:4      | Found a runed translucent door.
  3538 | D:4      | Noticed Crazy Yiuf
  3892 | D:4      | Found a bloodstained altar of Trog.
  3892 | D:4      | Found a snail-covered altar of Cheibriados.
  3977 | D:4      | Found a large runed translucent door.
  3997 | D:4      | Reached skill level 5 in Throwing
  4011 | D:4      | HP: 1/51 [centaur (5)]
  4013 | D:4      | Reached XP level 7. HP: 1/56 MP: 7/7
  4843 | D:4      | Identified the +1 leather armour of the Ditch-Digger
                  | {Rampage}
  4878 | D:4      | Reached * piety under Okawaru
  4879 | D:4      | Reached XP level 8. HP: 45/64 MP: 8/8
  5079 | D:4      | Killed Crazy Yiuf
  5107 | D:5      | Entered Level 5 of the Dungeon
  5611 | D:5      | Noticed a wyvern
  5620 | D:5      | Killed a wyvern
  5631 | D:5      | Reached ** piety under Okawaru
  6728 | D:6      | Reached skill level 1 in Invocations
  6728 | D:6      | Reached XP level 9. HP: 71/71 MP: 9/9
  6855 | D:6      | Noticed Maggie
  6892 | D:6      | Killed from afar by Maggie

Illustrated notes

Levels and vault maps discovered:
D:1:      ebering_trefoil_twist, layout_rooms, serial_shops,
          nicolae_shop_hallway_stairs
D:2:      layout_loops_corners, kennysheep_nub, minmay_indecisive_spiral
D:3:      layout_loops_corners, hellmonk_ecumenical_altar_heavens_door
D:4:      wander_river, layout_layer_cave, nicolae_overflow_crystal_walls,
          gammafunk_temple_overflow_statue, nicolae_overflow_two_pavilions,
          minmay_hollow_rounded_squares, uniq_edmund, uniq_blork_the_orc,
          uniq_crazy_yiuf_cottage
D:5:      layout_loops_corners, grunt_ministairs_13, grunt_decor_mini_mirrors
D:6:      layout_loops_ring, uniq_maggie, uniq_grinder, uniq_sigmund

Skill      XL: |  1  2  3  4  5  6  7  8 |
---------------+-------------------------+-----
Fighting       | 5 6 |  6.5
Polearms       | 6 7 8 |  8.4
Throwing       | 4 5 |  5.9
Armour         | 2 3 4 |  4.0
Dodging        | 6 7 8 |  8.3
Evocations     | 1 2 3 |  3.2
Invocations    | 1 |  1.2

Action                   |  1- 3 |  4- 6 |  7- 9 || total
-------------------------+-------+-------+-------++-------
Melee: Trident           |    62 |   160 |   239 ||   461
       Punch             |     1 |       |     4 ||     5
Throw: Throwing net      |       |     5 |     1 ||     6
Invok: Heroism           |       |       |     2 ||     2
  Use: Potion            |     4 |     4 |       ||     8
       Scroll            |     3 |     4 |     6 ||    13
 Stab: Sleeping          |     1 |     4 |     1 ||     6
       Held in net/web   |       |     3 |       ||     3
Armor: Leather armour    |     9 |    45 |    30 ||    84
       Ring mail         |       |       |    22 ||    22
Dodge: Dodged            |    21 |   117 |   118 ||   256
